 Dungeon Sprint DCSS version 0.29-a0-330-g52719c12eb (webtiles) character file.

Game seed: 14841749462614202922

2259 jt the Eclecticist (level 9, 0/45 HPs)
             Began as a Deep Elf Fire Elementalist on May 8, 2022.
             Was a Believer of Vehumet.
             Slain by a centaur warrior (1 damage)
             ... in the Dungeon (Sprint I: "Red Sonja").
             The game lasted 00:05:18 (565 turns).

jt the Eclecticist (Deep Elf Fire Elementalist)      Turns: 565, Time: 00:05:20

Health: 0/45       AC:  6    Str:  5    XL:     9   Next: 15%
Magic:  27/30      EV: 12    Int: 25    God:    Vehumet [**....]
Gold:   461        SH:  0    Dex: 15    Spells: 25/38 levels left

rFire   . . .      SeeInvis .   o - +2 dagger (drain)
rCold   . . .      Faith    .   (no shield)
rNeg    . . .      Spirit   .   j - +1 robe {Archmagi}
rPois   .          Reflect  .   (no helmet)
rElec   .          Harm     .   (no cloak)
rCorr   .          Rampage  .   u - +2 pair of gloves {Stlth+}
Will    .....      Archmagi +   (no boots)
Stlth   +++++..... NoTele   +   (no amulet)
HPRegen 0.15/turn               (no ring)
MPRegen 0.22/turn               (no ring)

@: no status effects
A: no striking features
a: Renounce Religion


You were in the Dungeon.
You worshipped Vehumet.
Vehumet was pleased with you.
You visited 1 branch You collected 822 gold pieces.
You spent 361 gold pieces at shops.

Inventory:

Hand Weapons
 a - a +2 spectral club
 i - a +0 scythe
 k - a +0 war axe
 l - a +0 arbalest
 o - a +2 dagger of draining (weapon)
Missiles
 m - 27 stones
 n - 6 poisoned darts
 p - 2 curare-tipped darts
Armour
 h - a +0 robe
 j - a +1 robe of the Archmagi (worn)
 u - a +2 pair of gloves of stealth (worn)
Wands
 e - a wand of paralysis (7)
Scrolls
 g - 2 scrolls of blinking
 q - a scroll of identify {unknown}
 r - a scroll of vulnerability {unknown}
 s - a scroll of immolation {unknown}
 t - a scroll of silence {unknown}
 w - a scroll of amnesia {unknown}
Potions
 b - 2 potions of magic
 c - 5 potions of curing
 f - a potion of berserk rage
 v - a potion of degeneration {unknown}


   Skills:
 + Level 2.8 Throwing
 - Level 2.4 Dodging
 + Level 7.2 Stealth
 + Level 15.1 Spellcasting
 + Level 12.7 Conjurations
 + Level 13.0 Fire Magic


You had 25 spell levels left.
You knew the following spells:

 Your Spells              Type           Power      Damage    Failure   Level
a - Foxfire               Conj/Fire      100%       2x1d9     0%          1
b - Scorch                Fire           100%       2d10      1%          2
c - Flame Wave            Conj/Fire      90%        2d15      1%          4
d - Conjure Flame         Conj/Fire      90%        6-21      1%          3
e - Inner Flame           Hex/Fire       67%        N/A       1%          3

Your spell library contained the following spells:

 Spells                   Type           Power      Damage    Failure   Level
 Sandblast                Erth           56%        2d13      3%          1


Dungeon Overview and Level Annotations

Branches:
Dungeon (1/1)

Altars:
Cheibriados
Dithmenos
Elyvilon
Fedhas
Gozag
Hepliaklqana
Kikubaaqudgha
Makhleb
Nemelex Xobeh
Okawaru
Qazlal
Ru
Sif Muna
Trog
Uskayaw
Vehumet
Wu Jian
Xom
Yredelemnul
Zin
The Shining One
Jiyva
Lugonu

Shops:
D *([


Message History

The foxfire hits the centaur warrior but does no damage.
A centaur warrior comes into view.
The foxfire hits the centaur warrior but does no damage. x2
There is an open door here.
The foxfire hits the centaur warrior but does no damage.
You see here a +0 pair of gloves.
Casting: Foxfire (safe; 0% risk of failure)
Confirm with . or Enter, or press ? or * to list all spells.
You feel a surge of power!
You conjure some foxfire!
The foxfire hits the centaur warrior but does no damage.
The centaur warrior wields a +0 shortbow.
The centaur warrior shoots an arrow.
The arrow hits you!!
Ouch! That really hurt!
The foxfire hits the centaur warrior but does no damage.
The centaur warrior misses you.
The centaur warrior kicks you but does no damage.
The centaur warrior unwields a +0 shortbow.
The centaur warrior hits you. The centaur warrior kicks you.
There is an open door here.
You feel much better. The centaur warrior hits you!
The centaur warrior kicks you. The centaur warrior hits you!
The centaur warrior kicks you.
The centaur warrior hits you but does no damage.
The centaur warrior kicks you.
* * * LOW HITPOINT WARNING * * *
Unknown command.
Okay, then.
Casting: Foxfire (safe; 0% risk of failure)
Confirm with . or Enter, or press ? or * to list all spells.
You feel a surge of power!
Flames lash the centaur warrior.
The centaur warrior is lightly wounded.
The centaur warrior's fire resistance burns away.
The centaur warrior hits you!
* * * LOW HITPOINT WARNING * * *
The centaur warrior kicks you but does no damage.
The centaur warrior hits you but does no damage.
The centaur warrior kicks you.
* * * LOW HITPOINT WARNING * * *
The centaur warrior closely misses you. The centaur warrior kicks you.
You die...

#########################
<.#..'..#..'..#__#.)'...#
.['.)#..'..#..'..'..#...#
..#####'#####'#__####...+
..####..#...#.####)$#####
..#__####..##.#≈≈≈.§
..#_____##'#_.+§§§§§+
⌠⌠#_.∩...'..._#≈c§§.#
###_..__##_.#'##@###
#_____###'#.#.[c.###
###########.####'###.##
∩........'...'.....'.∩#
##++++####...##########
###.### #.#'#.# #.....#
#...).#


You could see 2 centaur warriors.

Vanquished Creatures
  Sonja (D)
  A deep troll (D)
  2 kobold demonologists (D)
  A slime creature (D)
  A yak (D)
  Sigmund (D)
  A floating eye (D)
  An ogre (D)
  A jelly (D)
  Ijyb (D)
11 creatures vanquished.

Vanquished Creatures (others)
  2 ballistomycete spores (D)
  31 foxfires (D)
33 creatures vanquished.

Grand Total: 44 creatures vanquished

Notes
Turn   | Place    | Note
-------+----------+-------------------------------------------
     0 | D        | jt the Deep Elf Fire Elementalist began the quest for the
                  | Orb.
     0 | D        | Reached XP level 1. HP: 10/10 MP: 6/6
     2 | D        | Noticed Ijyb
    14 | D        | Killed Ijyb
    15 | D        | Reached skill level 5 in Spellcasting
    15 | D        | Reached XP level 2. HP: 15/15 MP: 5/10
    24 | D        | Learned a level 2 spell: Scorch
    27 | D        | Noticed an ogre
    31 | D        | Killed an ogre
    32 | D        | Reached skill level 7 in Spellcasting
    32 | D        | Reached skill level 5 in Conjurations
    32 | D        | Reached XP level 3. HP: 19/19 MP: 0/14
    32 | D        | Reached XP level 4. HP: 24/24 MP: 0/15
   145 | D        | Noticed Sigmund
   147 | D        | Killed Sigmund
   148 | D        | Reached skill level 9 in Spellcasting
   148 | D        | Reached XP level 5. HP: 28/28 MP: 11/19
   195 | D        | Found a shimmering blue altar of Sif Muna.
   196 | D        | Found an ornate altar of the Wu Jian Council.
   197 | D        | Found a radiant altar of Vehumet.
   201 | D        | Reached XP level 6. HP: 32/32 MP: 15/20
   229 | D        | Became a worshipper of Vehumet
   236 | D        | Learned a level 4 spell: Flame Wave
   240 | D        | Learned a level 3 spell: Conjure Flame
   241 | D        | Found Cehopip's Weapon Emporium.
   241 | D        | Found an ancient bone altar of Kikubaaqudgha.
   241 | D        | Found a hazy altar of Hepliaklqana.
   241 | D        | Found a stormy altar of Qazlal.
   241 | D        | Found a hide-covered altar of Uskayaw.
   241 | D        | Found a blossoming altar of Fedhas.
   241 | D        | Found a bloodstained altar of Trog.
   241 | D        | Found an iron altar of Okawaru.
   241 | D        | Found a basalt altar of Yredelemnul.
   241 | D        | Found a glowing golden altar of the Shining One.
   241 | D        | Found a snail-covered altar of Cheibriados.
   241 | D        | Found a sacrificial altar of Ru.
   241 | D        | Found a glowing silver altar of Zin.
   241 | D        | Found a shadowy altar of Dithmenos.
   241 | D        | Found a white marble altar of Elyvilon.
   241 | D        | Noticed a yak
   247 | D        | Killed a yak
   248 | D        | Reached skill level 11 in Spellcasting
   248 | D        | Found an opulent altar of Gozag.
   250 | D        | Found a sparkling altar of Nemelex Xobeh.
   254 | D        | Bought 6 poisoned darts for 33 gold pieces
   265 | D        | Found a burning altar of Makhleb.
   265 | D        | Found a viscous altar of Jiyva.
   265 | D        | Found a shimmering altar of Xom.
   265 | D        | Found a corrupted altar of Lugonu.
   265 | D        | Noticed a slime creature
   271 | D        | Killed a slime creature
   272 | D        | Reached skill level 12 in Spellcasting
   272 | D        | Reached skill level 10 in Fire Magic
   272 | D        | Reached XP level 7. HP: 36/36 MP: 5/24
   379 | D        | Noticed Sonja
   382 | D        | Killed Sonja
   382 | D        | Reached * piety under Vehumet
   382 | D        | Offered knowledge of Sandblast by Vehumet.
   383 | D        | Reached skill level 13 in Spellcasting
   383 | D        | Reached XP level 8. HP: 41/41 MP: 19/27
   398 | D        | Found Iruwk's Assorted Antiques.
   406 | D        | Bought a sapphire potion for 26 gold pieces
   406 | D        | Bought a scroll labelled KIOH ZICWONG for 29 gold pieces
   406 | D        | Bought a scroll labelled POMANENINOV for 29 gold pieces
   406 | D        | Bought a scroll labelled HUMEFACIMA for 29 gold pieces
   469 | D        | Learned a level 3 spell: Inner Flame
   469 | D        | Noticed a kobold demonologist
   472 | D        | Noticed a kobold demonologist
   475 | D        | Killed a kobold demonologist
   476 | D        | Reached skill level 14 in Spellcasting
   478 | D        | Killed a kobold demonologist
   478 | D        | Reached ** piety under Vehumet
   479 | D        | Reached skill level 5 in Stealth
   498 | D        | Noticed a deep troll
   511 | D        | Killed a deep troll
   512 | D        | Reached skill level 15 in Spellcasting
   512 | D        | Reached XP level 9. HP: 45/45 MP: 22/30
   529 | D        | Found Teoss's Armour Emporium.
   536 | D        | Bought a +2 pair of gloves of stealth for 215 gold pieces
   556 | D        | Noticed a centaur warrior
   559 | D        | Noticed a centaur warrior
   565 | D        | HP: 1/45 [centaur warrior (3)]
   565 | D        | Slain by a centaur warrior

Illustrated notes

Levels and vault maps discovered:
D:        dungeon_sprint_1 [red_sonja_temple_1, red_sonja_temple_small_1]

Skill      XL: |  1  2  3  4  5  6  7  8 |
---------------+-------------------------+-----
Spellcasting   | 5 7 9 12 13 15 | 15.1
Conjurations   | 3 5 7 8 9 11 12 | 12.7
Fire Magic     | 4 6 8 10 11 13 | 13.0
Stealth        | 7 |  7.2
Throwing       | 2 |  2.8
Dodging        | |  2.4

Action                   |  1- 3 |  4- 6 |  7- 9 || total
-------------------------+-------+-------+-------++-------
Throw: Dart              |       |       |     1 ||     1
 Cast: Foxfire           |     8 |     3 |     8 ||    19
       Scorch            |     3 |    10 |    13 ||    26
       Conjure Flame     |       |     2 |       ||     2
  Use: Potion            |     2 |       |     2 ||     4
Armor: Robe              |       |       |     4 ||     4
Dodge: Dodged            |       |     3 |     2 ||     5

Table legend: (Time is in decaauts)
 A = Elapsed time spent in this place.
 B = Non-inter-level travel time spent in this place.
 C = Inter-level travel time spent in this place.
 D = Time resting spent in this place.
 E = Time spent auto-exploring this place.
 F = Levels seen in this place.
 G = Mean time per level.
                   A        B        C        D        E       F      G
               +--------+--------+--------+--------+--------+-----+--------+
         Total |    544 |    544 |      0 |    201 |      0 |   1 |  544.0 |
       Dungeon |    544 |    544 |      0 |    201 |      0 |   1 |  544.0 |
               +--------+--------+--------+--------+--------+-----+--------+

Top non-repeatable levels by time:
       D: 544 daAuts
